 Dungeon Crawl Stone Soup version 0.26-a0-651-gb41185065b (webtiles) character file.

Game seed: 18360318715418937033

106 kae the Ruffian (level 4, -3/33 HPs)
             Began as a Demonspawn Gladiator on Oct 15, 2020.
             Was an Initiate of Wu Jian.
             Killed by divine providence
             ... invoked by an orc priest
              (11 damage)
             ... on level 4 of the Dungeon.
             The game lasted 00:02:44 (3132 turns).

kae the Ruffian (Demonspawn Gladiator)              Turns: 3132, Time: 00:02:45

Health: -3/33      AC:  4    Str: 16    XL:     4   Next: 55%
Magic:  4/4        EV: 13    Int:  9    God:    Wu Jian [......]
Gold:   155        SH:  0    Dex: 20    Spells: 3/3 levels left

rFire    . . .     SeeInvis .     - Unarmed
rCold    . . .     Faith    .   (no shield)
rNeg     . . .     Spirit   .   a - +0 leather armour
rPois    .         Reflect  .   b - +0 helmet
rElec    .         Harm     .   n - scarf {repulsion}
rCorr    .         Rampage  .   (no gloves)
MR       .....                  (no boots)
Stlth    ++........             i - amulet of the acrobat
HPRegen  0.11/turn              r - +6 ring of dexterity
MPRegen  0.09/turn              (no ring)

@: repel missiles
A: foul stench 1, rot immunity
a: Renounce Religion


You were on level 4 of the Dungeon.
You worshipped Wu Jian.
Wu Jian was noncommittal.
You visited 1 branch of the dungeon, and saw 4 of its levels.

You collected 155 gold pieces.

Inventory:

Missiles
 c - 3 throwing nets (quivered)
Armour
 a - a +0 leather armour (worn)
 b - a +0 helmet (worn)
 e - a +1 cloak
 n - a scarf of repulsion (worn)
Jewellery
 i - an amulet of the acrobat (around neck)
 r - a +6 ring of dexterity (left hand)
Wands
 m - a wand of flame (11)
Scrolls
 d - a scroll of remove curse
 f - 2 scrolls of teleportation
 g - a scroll of immolation
 l - 3 scrolls of identify
 p - a scroll of blinking
Potions
 h - 2 potions of curing
 j - a potion of resistance
 k - 2 potions of brilliance
 o - 2 potions of degeneration
 q - 2 potions of magic
 s - a potion of cancellation {unknown}
 t - a potion of lignification


   Skills:
 - Level 2.0 Fighting
 - Level 1.7 Throwing
 - Level 2.6 Dodging
 + Level 4.9 Unarmed Combat


You had 3 spell levels left.
You didn't know any spells.
Your spell library was empty.

Dungeon Overview and Level Annotations

Branches:
Dungeon (4/15)             Temple (0/1) D:4

Altars:
Dithmenos
Wu Jian


Innate Abilities, Weirdness & Mutations

You may emit foul miasma when damaged in melee.
You are immune to rotting.


Message History

You kill the orc!
The Council accepts your kill. The orc hits you with a +0 dagger.
The orc looks sick.
A howler monkey comes into view.
Things that are here:
a +0 mace; an orc corpse You lunge at the howler monkey.
You closely miss the howler monkey. You punch the howler monkey.
The howler monkey is lightly wounded.
The orc priest hits you but does no damage.
The howler monkey closely misses you. The orc hits you but does no damage.
Items here: $ ) ? [ ††.
You hit the orc.
You kill the orc!
The Council accepts your kill. The howler monkey hits you!
* * * LOW HITPOINT WARNING * * *
The orc priest mumbles some strange prayers to Beogh against you.
Beogh smites you!
You die...

............
#..........
#.........
##......(#
#..###..## ##.##
#..# ##.## #..#
#ho# #..#
#@###..# #))#..#
##...# ##...###
##......#
######..####....
... ##......##
#### ...#
##..##...#######
...#
#........(.....##


You could see a howler monkey and an orc priest.

Vanquished Creatures
  Robin (D:4)
  An adder (D:3)
  2 oozes
  A dart slug (D:1)
  2 leopard geckos
  7 orcs
  4 ball pythons
  5 bats
  2 giant cockroaches
  16 goblins
  4 hobgoblins
  7 kobolds
  A quokka (D:3)
  4 frilled lizards
  7 rats
64 creatures vanquished.

Notes
Turn   | Place    | Note
-------+----------+-------------------------------------------
     0 | D:1      | kae the Demonspawn Gladiator began the quest for the Orb.
     0 | D:1      | Reached XP level 1. HP: 16/16 MP: 1/1
    75 | D:1      | Reached skill level 3 in Unarmed Combat
   194 | D:1      | Gained mutation: You are immune to rotting. [demonic
                  | ancestry]
   194 | D:1      | Reached XP level 2. HP: 22/22 MP: 2/2
   919 | D:2      | Reached XP level 3. HP: 27/27 MP: 3/3
  1690 | D:3      | Reached skill level 4 in Unarmed Combat
  1927 | D:3      | Found an ornate altar of the Wu Jian Council.
  1927 | D:3      | Found a shadowy altar of Dithmenos.
  1973 | D:3      | Became a worshipper of the Wu Jian Council
  2468 | D:3      | Gained mutation: You may emit foul miasma when damaged in
                  | melee. [demonic ancestry]
  2468 | D:3      | Reached XP level 4. HP: 33/33 MP: 4/4
  2687 | D:4      | Found a staircase to the Ecumenical Temple.
  2797 | D:4      | Noticed Robin
  2824 | D:4      | Killed Robin
  3132 | D:4      | Killed from afar by an orc priest

Illustrated notes

Levels and vault maps discovered:
D:1:      dpeg_arrival_simpleton_c, layout_loops_ring, hangedman_decor_slide_cut
D:2:      layout_basic
D:3:      layout_loops_ring, gammafunk_temple_overflow_wave
D:4:      layout_layer_cave, minmay_temple_entry_statues_fountains,
          uniq_grinder, uniq_robin

Skill      XL: |  1  2  3 |
---------------+----------+-----
Unarmed Combat | 3 4 |  4.9
Fighting       | |  2.0
Throwing       | |  1.7
Dodging        | |  2.6

Action                   |  1- 3 |  4- 6 || total
-------------------------+-------+-------++-------
Melee: Unarmed           |   134 |    55 ||   189
       Punch             |     3 |     4 ||     7
Invok: Lunge             |     2 |     3 ||     5
  Use: Scroll            |     5 |     8 ||    13
 Stab: Sleeping          |     1 |       ||     1
Armor: Leather armour    |    37 |     8 ||    45
Dodge: Dodged            |    88 |    28 ||   116
       Repelled          |     1 |       ||     1

Table legend: (Time is in decaauts)
 A = Elapsed time spent in this place.
 B = Non-inter-level travel time spent in this place.
 C = Inter-level travel time spent in this place.
 D = Time resting spent in this place.
 E = Time spent auto-exploring this place.
 F = Levels seen in this place.
 G = Mean time per level.
                   A        B        C        D        E       F      G
               +--------+--------+--------+--------+--------+-----+--------+
         Total |   3118 |   3033 |     85 |    333 |   2225 |   4 |  779.5 |
       Dungeon |   3118 |   3033 |     85 |    333 |   2225 |   4 |  779.5 |
               +--------+--------+--------+--------+--------+-----+--------+

Top non-repeatable levels by time:
     D:3: 926 daAuts
     D:1: 840 daAuts
     D:2: 811 daAuts
     D:4: 539 daAuts
